 Dungeon Crawl Stone Soup version 0.22.0-1-g6561e4c (webtiles) character file.

138 lukekx100 the Grave Robber (level 5, -4/43 HPs)
             Began as a Deep Dwarf Necromancer on Aug 12, 2018.
             Slain by Sigmund
             ... wielding a +3 scythe of freezing
              (8 damage)
             ... on level 3 of the Dungeon.
             The game lasted 00:18:20 (2766 turns).

lukekx100 the Grave Robber (Deep Dwarf Necromancer) Turns: 2766, Time: 00:18:21

Health: -4/43      AC:  6    Str: 12    XL:     5   Next: 1%
Magic:  5/6        EV: 12    Int: 18    God:
Gold:   118        SH:  0    Dex: 13    Spells: 4/8 levels left

rFire    . . .     SeeInvis .   z - +0 morningstar
rCold    . . .     Gourm    .   (no shield)
rNeg     . . .     Faith    .   u - +0 ring mail
rPois    .         Spirit   .   (no helmet)
rElec    .         Reflect  .   (no cloak)
rCorr    .         Harm     .   i - +0 pair of gloves
MR       .....                  (no boots)
Stlth    ++........             C - amulet of the acrobat
HPRegen  0.00/turn              l - +2 ring of intelligence
MPRegen  0.10/turn              w - +1 ring of evasion

@: non-regenerating
A: damage resistance, heal wounds, sense surroundings 1, no regeneration
a: Heal Wounds


You were on level 3 of the Dungeon.
You were not hungry.

You visited 1 branch of the dungeon, and saw 3 of its levels.

You collected 118 gold pieces.

Inventory:

Hand Weapons
 e - a +0 dagger
 h - a +0 short sword
 o - a +3 spear
 y - a +0 war axe
 z - a +0 morningstar (weapon)
 A - a +0 hand axe
Armour
 a - a +0 robe
 b - a +0 scale mail
 i - a +0 pair of gloves (worn)
 u - a +0 ring mail (worn)
Jewellery
 l - a +2 ring of intelligence (left hand)
 m - an uncursed ring of poison resistance
 w - a +1 ring of evasion (right hand)
 C - an amulet of the acrobat (around neck)
Wands
 n - a wand of iceblast (7)
Scrolls
 j - 3 scrolls of identify {unknown}
 p - 4 scrolls of amnesia {unknown}
 s - a scroll of enchant armour {unknown}
 t - a scroll of magic mapping {unknown}
 x - 2 scrolls of teleportation
 B - a scroll of remove curse {unknown}
Potions
 d - a potion of cancellation {unknown}
 f - a potion of resistance {unknown}
 g - a potion of flight {unknown}
 k - a potion of mutation {unknown}
 q - a potion of ambrosia {unknown}
 r - a potion of lignification {unknown}
 v - 2 potions of curing {unknown}
Comestibles
 c - 6 rations


   Skills:
 - Level 0.8 Fighting
 - Level 0.3 Short Blades
 * Level 0.2 Maces & Flails
 - Level 0.5 Polearms
 + Level 1.4 Armour
 + Level 3.0 Dodging
 + Level 3.3 Stealth
 - Level 0.3 Unarmed Combat
 + Level 2.3 Spellcasting
 * Level 5.1 Necromancy


You had 4 spell levels left.
You knew the following spells:

 Your Spells              Type           Power        Failure   Level  Hunger
a - Pain                  Necr           ###.         4%          1    #......
b - Vampiric Draining     Necr           ###.......   14%         3    ###....

Your spell library contained the following spells:

 Spells                   Type           Power        Failure   Level  Hunger
 Animate Dead             Necr           N/A          41%         4    #####..
 Animate Skeleton         Necr           N/A          4%          1    #......
 Regeneration             Chrm/Necr      ##........   36%         3    ###....


Dungeon Overview and Level Annotations

Branches:
Dungeon (3/15)

Altars:
Uskayaw

Annotations:
D:3 Sigmund


Innate Abilities, Weirdness & Mutations

You are resistant to damage.
You can heal yourself by infusing magical energy.
You passively map a small area around you.
You do not regenerate.


Message History

Sigmund writhes in agony!
Sigmund gestures at you while chanting.
You easily resist.
Sigmund barely misses you. Sigmund casts a spell at you.
The magic dart hits you!
Sigmund says, "Now you see me, now you don't..."
Sigmund casts a spell.
Sigmund flickers and vanishes!
Deactivating autopickup; reactivate with Ctrl-A.
Something hits you. Something freezes you.
You miss something. Something barely misses you.
You barely miss something. Something hits you. Something freezes you.
You miss something. Something hits you! Something freezes you.
You miss something. Something hits you!
* * * LOW HITPOINT WARNING * * *
Something freezes you.
* * * LOW HITPOINT WARNING * * *
You fail to use your ability.
Something hits you!
You die...

, #.....)... , ......
##########......### ......
#................## , , ......
#........#.........
.....###........#.......## . *
...............#.......#. ..
***#....##...##.#.....#.#.
,...#.####....##...##.#.....#.#.
*,.............{@...##.#.....#...
,......###....##...##.###.#.#...
......###....##...# .# #.#.#... *
#.[..........##..##* #.#.#.#. #
#....$....#####.## * #.#.#.#. #
#.........# ###.# ####.#.#.## #
#.........## ...# #..#.#.#... #
#.........##.##.## #..#<#.#..# #
#.^.......##.#...####....#.#..#


There were no monsters in sight!

Vanquished Creatures
  3 adders
  An ooze (D:3)
  3 worms (D:2)
  2 dart slugs (D:2)
  4 leopard geckos (D:2)
  4 orcs (D:3)
  A ball python (D:1)
  5 giant cockroaches
  16 goblins
  8 hobgoblins
  3 jackals (D:1)
  8 kobolds
  3 quokkas
  4 bats
  3 frilled lizards (D:1)
  10 rats
78 creatures vanquished.

Notes
Turn   | Place    | Note
-------+----------+-------------------------------------------
     0 | D:1      | lukekx100 the Deep Dwarf Necromancer began the quest for the Orb.
     0 | D:1      | Reached XP level 1. HP: 15/15 MP: 3/3
   160 | D:1      | Reached XP level 2. HP: 22/22 MP: 0/3
   534 | D:1      | Reached XP level 3. HP: 25/30 MP: 4/4
   565 | D:1      | Learned a level 3 spell: Vampiric Draining
  1005 | D:2      | Reached skill level 1 in Armour
  1159 | D:2      | Reached skill level 5 in Necromancy
  1233 | D:2      | Reached XP level 4. HP: 37/37 MP: 5/5
  2081 | D:3      | Found a hide-covered altar of Uskayaw.
  2715 | D:3      | Reached XP level 5. HP: 31/43 MP: 3/6
  2742 | D:3      | Noticed Sigmund
  2766 | D:3      | Slain by Sigmund

Skill      XL: |  1  2  3  4 |
---------------+-------------+-----
Spellcasting   | 2 |  2.3
Armour         | 1 |  1.4
Necromancy     | 5 |  5.1
Stealth        | 3 |  3.3
Dodging        | 3 |  3.0
Fighting       | |  0.8
Short Blades   | |  0.3
Maces & Flails | |  0.2
Polearms       | |  0.5
Unarmed Combat | |  0.3

Action                   |  1- 3 |  4- 6 || total
-------------------------+-------+-------++-------
Melee: Unarmed           |    28 |       ||    28
       Dagger            |    17 |       ||    17
       Short sword       |    83 |       ||    83
       Punch             |     1 |       ||     1
       Spear             |       |    40 ||    40
       Morningstar       |       |    17 ||    17
 Cast: Pain              |    38 |    47 ||    85
 Abil: Heal Wounds       |     3 |       ||     3
Evoke: Wand              |     1 |     1 ||     2
  Use: Scroll            |     1 |       ||     1
  Eat: Ration            |     1 |     1 ||     2
       Chunk             |       |     2 ||     2
Armor: Scale mail        |    59 |    15 ||    74
       Ring mail         |       |     5 ||     5
Dodge: Dodged            |    74 |    39 ||   113
